ORI
OREGON STATE UNIVERSITY BEAVERS @ UNIVERSITY OF VIRGINIA CAVALIERS
12/16/2049
 
TOP OF THE 1ST
Oregon State University Beavers batting - Pitching for University of Virginia Cavaliers : RHP Salvo Botticelli
Pitching: RHP Salvo Botticelli
Batting: LHB Pablo Fraga 0-0: Called Strike
0-1: Ball
1-1: Ball
2-1: Swinging Strike
2-2: Strikes out swinging
Batting: RHB Lionello Pancaldi 0-0: Ball
1-0: SINGLE (Line Drive, 6M, EV 98.1 MPH)
Batting: RHB Luis Flores 0-0: Ball
1-0: Ball
Lionello Pancaldi is caught stealing 2nd base 2-4
2-0: Foul Ball, location: 2F
2-1: Foul Ball, location: 2RF
2-2: Foul Ball, location: 2F
2-2: Ball
3-2: Ground out U3 (Groundball, 3S, EV 83.8 MPH)
Top of the 1st over - 0 runs, 1 hit, 0 errors, 0 left on base; Oregon State University 0 - University of Virginia 0
BOTTOM OF THE 1ST
University of Virginia Cavaliers batting - Pitching for Oregon State University Beavers : RHP Takao Yamada
Pitching: RHP Takao Yamada
Batting: RHB Scott Anderson 0-0: Foul Ball, location: 9LMF
0-1: Ball
1-1: Foul Ball, location: 3FF
1-2: Ball
2-2: SINGLE (Groundball, 34S, EV 71.3 MPH) (infield hit)
Batting: SHB Ethan Lewis 0-0: Sac Bunt to 15 - play at first, batter OUT! 1-3
Scott Anderson to second
Batting: LHB Eustachio Bontempi 0-0: Ball
1-0: Called Strike
1-1: Foul Ball, location: 5DF
1-2: SINGLE (Groundball, 3, EV 103.8 MPH)
Scott Anderson to third
Batting: RHB Leo Baxter 0-0: Called Strike
Eustachio Bontempi steals 2nd base
0-1: Foul Ball, location: 3SF
0-2: SINGLE (Groundball, 4M, EV 84.4 MPH)
Scott Anderson scores
Eustachio Bontempi to third
Batting: LHB Ray Nichter 0-0: Called Strike
0-1: Ball
1-1: Fly out, F8 (Flyball, 8RXD, EV 105.6 MPH)
Runner from 3rd tags up, SCORES, no throw by CF
Batting: RHB Rob Coble 0-0: Ball
1-0: Swinging Strike
1-1: Called Strike
1-2: Ball
2-2: Ball
3-2: Base on Balls
Leo Baxter to second
Batting: RHB Allen McCaskill 0-0: Ball
1-0: Called Strike
1-1: Ball
2-1: Ball
3-1: Called Strike
3-2: SINGLE (Groundball, 4S, EV 82.5 MPH)
Leo Baxter to third
Rob Coble to second
Leo Baxter scores
Rob Coble to third
Batting: RHB Dustin Medford 0-0: Ball
1-0: Ball
2-0: Fly out, F7 (Flyball, 7D, EV 101.3 MPH)
Bottom of the 1st over - 3 runs, 4 hits, 0 errors, 2 left on base; Oregon State University 0 - University of Virginia 3
TOP OF THE 2ND
Oregon State University Beavers batting - Pitching for University of Virginia Cavaliers : RHP Salvo Botticelli
Batting: RHB Rafael Ventura 0-0: Ball
1-0: Called Strike
1-1: Ball
2-1: Foul Ball, location: 5F
2-2: Ball
3-2: SINGLE (Line Drive, 78S, EV 108.1 MPH)
Batting: SHB Jim Chute 0-0: Called Strike
0-1: Foul Ball, location: 2F
0-2: Foul Ball, location: 2F
0-2: Strikes out swinging
Batting: RHB Israel Soto 0-0: Ball
1-0: Called Strike
1-1: SINGLE (Groundball, 4MD, EV 95.0 MPH)
Rafael Ventura to second
Batting: LHB Jon Hamilton 0-0: Ball
1-0: Ball
2-0: Called Strike
2-1: Fly out, F7 (Flyball, 7LSF, EV 90.6 MPH)
Batting: SHB Eric Robertson 0-0: Ball
1-0: Swinging Strike
1-1: Ball
2-1: Foul Ball, location: 5F
2-2: Ball
3-2: Foul Ball, location: 5SF
3-2: Base on Balls
Rafael Ventura to third
Israel Soto to second
Batting: SHB Sosaia Apelahama 0-0: Called Strike
0-1: Called Strike
0-2: Foul Ball, location: 2F
0-2: Foul Ball, location: 7LDF
0-2: Ball
1-2: Ball
2-2: Foul Ball, location: 2F
2-2: Foul Ball, location: 5F
2-2: Ball
3-2: Foul Ball, location: 2F
3-2: Fly out, F7 (Flyball, 7S, EV 93.1 MPH)
Top of the 2nd over - 0 runs, 2 hits, 0 errors, 3 left on base; Oregon State University 0 - University of Virginia 3
BOTTOM OF THE 2ND
University of Virginia Cavaliers batting - Pitching for Oregon State University Beavers : RHP Takao Yamada
Batting: RHB Sean Carswell 0-0: Ball
1-0: Fly out, F8 (Flyball, 8LS, EV 81.3 MPH)
Batting: RHB Scott Anderson 0-0: Ball
1-0: Ball
2-0: Ground out 6-3 (Groundball, 6, EV 104.4 MPH)
Batting: SHB Ethan Lewis 0-0: Foul Ball, location: 3F
0-1: Fly out, F9 (Flyball, 89M, EV 93.1 MPH)
Bottom of the 2nd over - 0 runs, 0 hits, 0 errors, 0 left on base; Oregon State University 0 - University of Virginia 3
TOP OF THE 3RD
Oregon State University Beavers batting - Pitching for University of Virginia Cavaliers : RHP Salvo Botticelli
Batting: LHB Pablo Fraga 0-0: Called Strike
0-1: Ball
1-1: Foul Ball, location: 9LMF
1-2: Ball
2-2: Ball
3-2: Ground out 1-3 (Groundball, 34S, EV 64.4 MPH)
Batting: RHB Lionello Pancaldi 0-0: Called Strike
0-1: Ball
1-1: Ball
2-1: Ball
3-1: Foul Ball, location: 2F
3-2: Foul Ball, location: 7LMF
3-2: Foul Ball, location: 2F
3-2: Foul Ball, location: 2F
3-2: Foul Ball, location: 25F
3-2: SINGLE (Groundball, 34D, EV 106.9 MPH)
Batting: RHB Luis Flores 0-0: Called Strike
0-1: Fielders Choice at 2nd, U6 (Groundball, 4M, EV 83.8 MPH)
Batting: RHB Rafael Ventura 0-0: Ball
1-0: Ball
2-0: Called Strike
2-1: Foul Ball, location: 2LF
2-2: Ball
3-2: SINGLE (Line Drive, 8RS, EV 79.4 MPH)
Luis Flores to second
Luis Flores to third
Pitching: LHP Cory Byler
Batting: SHB Jim Chute 0-0: Fly out, F8 (Flyball, 8RM, EV 91.9 MPH)
Top of the 3rd over - 0 runs, 2 hits, 0 errors, 2 left on base; Oregon State University 0 - University of Virginia 3
BOTTOM OF THE 3RD
University of Virginia Cavaliers batting - Pitching for Oregon State University Beavers : RHP Takao Yamada
Batting: LHB Eustachio Bontempi 0-0: Called Strike
0-1: Foul Ball, location: 7LMF
0-2: Strikes out swinging
Batting: RHB Leo Baxter 0-0: Foul Ball, location: 5F
0-1: Fly out, F9 (Flyball, 9D, EV 103.1 MPH)
Batting: LHB Ray Nichter 0-0: Ground out U3 (Groundball, 3L, EV 106.3 MPH)
Bottom of the 3rd over - 0 runs, 0 hits, 0 errors, 0 left on base; Oregon State University 0 - University of Virginia 3
TOP OF THE 4TH
Oregon State University Beavers batting - Pitching for University of Virginia Cavaliers : LHP Cory Byler
Batting: RHB Israel Soto 0-0: Ball
1-0: Called Strike
1-1: Ball
2-1: Ball
3-1: Base on Balls
Batting: LHB Jon Hamilton 0-0: Ball
1-0: Foul Ball, location: 5F
1-1: Ball
2-1: Foul Ball, location: 2F
2-2: Ball
3-2: Strikes out swinging
Batting: SHB Eric Robertson 0-0: Ball
1-0: Ball
2-0: Ball
3-0: Called Strike
3-1: Foul Ball, location: 2F
3-2: Base on Balls
Israel Soto to second
Batting: SHB Sosaia Apelahama 0-0: Ball
1-0: Ball
2-0: Called Strike
2-1: Foul Ball, location: 2F
2-2: Ball
3-2: Foul Ball, location: 3FF
3-2: Foul Ball, location: 5FF
3-2: Fly out, F8 (Flyball, 8RD, EV 108.1 MPH)
Pinch Hitting: LHB Brock Darby 0-0: Ball
1-0: Ball
2-0: Ball
3-0: Called Strike
3-1: Foul Ball, location: 7LSF
3-2: Base on Balls
Israel Soto to third
Eric Robertson to second
Batting: RHB Lionello Pancaldi 0-0: Ball
1-0: Ball
2-0: Ball
3-0: Base on Balls
Israel Soto scores
Eric Robertson to third
Brock Darby to second
Batting: RHB Luis Flores 0-0: Ball
1-0: Ball
2-0: Ball
3-0: Base on Balls
Eric Robertson scores
Brock Darby to third
Lionello Pancaldi to second
Batting: RHB Rafael Ventura 0-0: Ball
1-0: Ball
2-0: Called Strike
2-1: Ball
3-1: Foul Ball, location: 3F
3-2: Fly out, F8 (Flyball, 8LM, EV 76.3 MPH)
Top of the 4th over - 2 runs, 0 hits, 0 errors, 3 left on base; Oregon State University 2 - University of Virginia 3
BOTTOM OF THE 4TH
University of Virginia Cavaliers batting - Pitching for Oregon State University Beavers : RHP Takao Yamada
Now at 2B: Brock Darby
Now in LF: Eric Robertson
Batting: RHB Rob Coble 0-0: Ball
1-0: Foul Ball, location: 2F
1-1: Ball
2-1: SOLO HOME RUN (Flyball, 7D, EV 97.5 MPH), Distance : 379 ft
Batting: RHB Allen McCaskill 0-0: Foul Ball, location: 23F
0-1: Ball
1-1: Foul Ball, location: 2F
1-2: Foul Ball, location: 9LDF
1-2: Ball
2-2: Strikes out swinging
Batting: RHB Dustin Medford 0-0: SINGLE (Line Drive, 7LS, EV 93.1 MPH)
Batting: RHB Sean Carswell 0-0: Ball
1-0: Ball
2-0: Foul Ball, location: 25F
2-1: Foul Ball, location: 25F
2-2: Ball
3-2: Strikes out swinging
Batting: RHB Scott Anderson 0-0: Called Strike
Dustin Medford steals 2nd base
0-1: Ball
1-1: Called Strike
1-2: Ground out 3-1 (Groundball, 34, EV 98.8 MPH)
Bottom of the 4th over - 1 run, 2 hits, 0 errors, 1 left on base; Oregon State University 2 - University of Virginia 4
TOP OF THE 5TH
Oregon State University Beavers batting - Pitching for University of Virginia Cavaliers : LHP Cory Byler
Batting: SHB Jim Chute 0-0: Ball
1-0: Ball
2-0: SOLO HOME RUN (Flyball, 8RXD, EV 112.5 MPH), Distance : 453 ft
Pitching: RHP Gregory Reader
Batting: RHB Israel Soto 0-0: Called Strike
0-1: Ball
1-1: Foul Ball, location: 25F
1-2: Ball
2-2: Ground out 4-3 (Groundball, 4, EV 105.6 MPH)
Batting: LHB Jon Hamilton 0-0: Ball
1-0: Called Strike
1-1: Ball
2-1: Ball
3-1: Called Strike
3-2: Foul Ball, location: 2F
3-2: Base on Balls
Batting: SHB Eric Robertson 0-0: Called Strike
0-1: Ball
1-1: Ball
2-1: Foul Ball, location: 7LMF
2-2: Ball
3-2: Fly out, F8 (Flyball, 8LD, EV 95.6 MPH)
Batting: SHB Sosaia Apelahama 0-0: Ball
1-0: Called Strike
1-1: Ball
2-1: Foul Ball, location: 2RF
2-2: Ground out 4-3 (Groundball, 4, EV 81.9 MPH)
Top of the 5th over - 1 run, 1 hit, 0 errors, 1 left on base; Oregon State University 3 - University of Virginia 4
BOTTOM OF THE 5TH
University of Virginia Cavaliers batting - Pitching for Oregon State University Beavers : RHP Takao Yamada
Batting: SHB Ethan Lewis 0-0: Foul Ball, location: 9LDF
0-1: Foul Ball, location: 3F
0-2: Ball
1-2: Fly out, F7 (Flyball, 7LS, EV 98.8 MPH)
Batting: LHB Eustachio Bontempi 0-0: Called Strike
0-1: Swinging Strike
0-2: Foul Ball, location: 9LMF
0-2: Ball
1-2: Ball
2-2: Foul Ball, location: 2F
2-2: Ground out U3 (Groundball, 34, EV 96.3 MPH)
Batting: RHB Leo Baxter 0-0: Swinging Strike
0-1: Called Strike
0-2: Foul Ball, location: 9LSF
0-2: Ball
1-2: Strikes out swinging
Bottom of the 5th over - 0 runs, 0 hits, 0 errors, 0 left on base; Oregon State University 3 - University of Virginia 4
TOP OF THE 6TH
Oregon State University Beavers batting - Pitching for University of Virginia Cavaliers : RHP Gregory Reader
Batting: LHB Brock Darby 0-0: Ball
1-0: Ball
2-0: Fly out, F7 (Flyball, 78M, EV 83.8 MPH)
Batting: RHB Lionello Pancaldi 0-0: Ball
1-0: Called Strike
1-1: Swinging Strike
1-2: Foul Ball, location: 23FF
1-2: Fly out, F9 (Flyball, 89S, EV 77.5 MPH)
Batting: RHB Luis Flores 0-0: Ball
1-0: Ball
2-0: Ground out 5-3 (Groundball, 56, EV 86.9 MPH)
Top of the 6th over - 0 runs, 0 hits, 0 errors, 0 left on base; Oregon State University 3 - University of Virginia 4
BOTTOM OF THE 6TH
University of Virginia Cavaliers batting - Pitching for Oregon State University Beavers : RHP Takao Yamada
Pitching: RHP Dave Lupkoski
Batting: LHB Ray Nichter 0-0: Ball
1-0: Foul Ball, location: 23F
1-1: Swinging Strike
1-2: Strikes out swinging
Batting: RHB Rob Coble 0-0: Foul Ball, location: 7LSF
0-1: Ball
1-1: Called Strike
1-2: SINGLE (Flyball, 89S, EV 91.9 MPH) - OUT at second base trying to stretch hit.
Batting: RHB Allen McCaskill 0-0: Ball
1-0: Called Strike
1-1: Swinging Strike
1-2: Ball
2-2: Foul Ball, location: 9LSFF
2-2: Strikes out swinging
Bottom of the 6th over - 0 runs, 1 hit, 0 errors, 0 left on base; Oregon State University 3 - University of Virginia 4
TOP OF THE 7TH
Oregon State University Beavers batting - Pitching for University of Virginia Cavaliers : RHP Gregory Reader
Pitching: RHP Brian Ryan
Batting: RHB Rafael Ventura 0-0: Called Strike
0-1: Fly out, F9 (Line Drive, 9S, EV 105.0 MPH)
Batting: SHB Jim Chute 0-0: Swinging Strike
0-1: Ball
1-1: Called Strike
1-2: Strikes out swinging
Batting: RHB Israel Soto 0-0: Ball
1-0: Ball
2-0: Ball
3-0: Called Strike
3-1: Called Strike
3-2: Strikes out swinging
Top of the 7th over - 0 runs, 0 hits, 0 errors, 0 left on base; Oregon State University 3 - University of Virginia 4
BOTTOM OF THE 7TH
University of Virginia Cavaliers batting - Pitching for Oregon State University Beavers : RHP Dave Lupkoski
Batting: RHB Dustin Medford 0-0: Foul Ball, location: 2F
0-1: Ball
1-1: SINGLE (Groundball, 56, EV 105.6 MPH)
Batting: RHB Sean Carswell 0-0: Sac Bunt to 13 - play at first, batter OUT! 1-3
Dustin Medford to second
Batting: RHB Scott Anderson 0-0: Ball
1-0: Ground out 6-3 (Groundball, 6, EV 83.8 MPH)
Batting: SHB Ethan Lewis 0-0: Called Strike
0-1: Foul Ball, location: 2F
0-2: Strikes out swinging
Bottom of the 7th over - 0 runs, 1 hit, 0 errors, 1 left on base; Oregon State University 3 - University of Virginia 4
TOP OF THE 8TH
Oregon State University Beavers batting - Pitching for University of Virginia Cavaliers : RHP Brian Ryan
Pitching: LHP Trent Hassett
Batting: LHB Jon Hamilton 0-0: Ball
1-0: Ball
2-0: Foul Ball, location: 25F
2-1: Ball
3-1: Foul Ball, location: 2F
3-2: Fly out, F7 (Flyball, 7, EV 77.5 MPH)
Batting: SHB Eric Robertson 0-0: Foul Ball, location: 9LSF
0-1: Ball
1-1: Foul Ball, location: 9LMF
1-2: Ball
2-2: Strikes out swinging
Batting: SHB Sosaia Apelahama 0-0: Ball
1-0: Foul Ball, location: 3DF
1-1: Ball
2-1: Foul Ball, location: 2F
2-2: Ball
3-2: Foul Ball, location: 2RF
3-2: Reached via error on a dropped throw from 2B, E3 (Groundball, 34, EV 79.4 MPH)
Batting: LHB Brock Darby 0-0: Ball
1-0: Fly out, F9 (Flyball, 9, EV 94.4 MPH)
Top of the 8th over - 0 runs, 0 hits, 1 error, 1 left on base; Oregon State University 3 - University of Virginia 4
BOTTOM OF THE 8TH
University of Virginia Cavaliers batting - Pitching for Oregon State University Beavers : RHP Dave Lupkoski
Batting: LHB Eustachio Bontempi 0-0: Ball
1-0: Foul Ball, location: 2F
1-1: Swinging Strike
1-2: Strikes out swinging
Batting: RHB Leo Baxter 0-0: Ball
1-0: Swinging Strike
1-1: Foul Ball, location: 2LF
1-2: Strikes out swinging
Batting: LHB Ray Nichter 0-0: Called Strike
0-1: Foul Ball, location: 7LSF
0-2: Ball
1-2: Strikes out swinging
Bottom of the 8th over - 0 runs, 0 hits, 0 errors, 0 left on base; Oregon State University 3 - University of Virginia 4
TOP OF THE 9TH
Oregon State University Beavers batting - Pitching for University of Virginia Cavaliers : LHP Trent Hassett
Pitching: RHP Tzu-jao Chen
Batting: RHB Lionello Pancaldi 0-0: Called Strike
0-1: Ball
1-1: Foul Ball, location: 5FF
1-2: Foul Ball, location: 2F
1-2: Foul Ball, location: 9LMF
1-2: Ball
2-2: Ball
3-2: SINGLE (Groundball, 4, EV 98.8 MPH) (infield hit)
Batting: RHB Luis Flores 0-0: Called Strike
0-1: 2-RUN HOME RUN (Flyball, 89XD, EV 108.8 MPH), Distance : 403 ft
Batting: RHB Rafael Ventura 0-0: Ball
1-0: Foul Ball, location: 25F
1-1: Ball
2-1: Ball
3-1: Base on Balls
Batting: SHB Jim Chute 0-0: Called Strike
Rafael Ventura steals 2nd base
0-1: Foul Ball, location: 2F
0-2: Fly out, F8 (Flyball, 78S, EV 93.1 MPH)
Batting: RHB Israel Soto 0-0: Called Strike
0-1: Called Strike
0-2: Ball
1-2: Strikes out swinging
Batting: LHB Jon Hamilton 0-0: Called Strike
0-1: Called Strike
0-2: Strikes out looking
Top of the 9th over - 2 runs, 2 hits, 0 errors, 1 left on base; Oregon State University 5 - University of Virginia 4
BOTTOM OF THE 9TH
University of Virginia Cavaliers batting - Pitching for Oregon State University Beavers : RHP Dave Lupkoski
Pitching: RHP Chris West
Batting: RHB Rob Coble 0-0: Swinging Strike
0-1: Ball
1-1: Called Strike
1-2: Foul Ball, location: 3DF
1-2: Strikes out swinging
Batting: RHB Allen McCaskill 0-0: Ball
1-0: Called Strike
1-1: SINGLE (Groundball, 34, EV 91.3 MPH)
Batting: RHB Dustin Medford 0-0: DOUBLE (Flyball, 89D, EV 86.3 MPH)
Allen McCaskill to third
Batting: LHB Josh Doan 0-0: Fielders Choice at home, 5-2 (Groundball, 5, EV 83.8 MPH)
Dustin Medford to third
Batting: RHB Scott Anderson 0-0: Fly out, F6 (Popup, 4MD, EV 43.1 MPH)
Bottom of the 9th over - 0 runs, 2 hits, 0 errors, 2 left on base; Oregon State University 5 - University of Virginia 4
Sunday, July 16th , 2023 - OOTP Baseball 24.6 Build 69